Sharks vs Maple Leafs

Created - 26 février 2015 at 19:16

Goals
1 2 3 T
Sharks 1 0 1 2
Maple Leafs 1 1 2 4
Shots
1 2 3 T
Sharks 4 17 10 31
Maple Leafs 12 6 12 30

1st period

1. Maple Leafs , Byron Bitz 20 (Brendan Morrison, Alexander Frolov) at 6:38
2. Sharks , Ted Purcell 19 (Markus Naslund, Lasse Kukkonen) at 8:44

Penalties :
Byron Bitz (Tor) for Interference (Minor) at 2:04, David Legwand (SJS) for Hooking (Minor) at 12:04, Fabian Brunnstrom (Tor) for Holding Stick (Minor) at 12:45

2nd period

3. Maple Leafs , Tobias Enstrom 5 (Byron Bitz, Brendan Morrison) at 5:06

Penalties :
Lasse Kukkonen (SJS) for Hooking (Minor) at 0:05, David Legwand (SJS) for Goalie Interference (Minor) at 5:30, David Legwand (SJS) for Hooking (Minor) at 8:42, Daniel Alfredsson (SJS) for Hooking (Minor) at 14:36

3rd period

4. Sharks , Antoine Vermette 22 (Markus Naslund) at 10:32
5. Maple Leafs , Evgeni Malkin 43 (Claude Giroux, Dion Phaneuf) at 12:15
6. Maple Leafs , Byron Bitz 21 (Brendan Morrison, Fabian Brunnstrom) at 14:34

Penalties :
Brendan Morrison (Tor) for Hooking (Minor) at 7:35, Lasse Kukkonen (SJS) for Hooking (Minor) at 12:18

Goalie Stats

Tyler Weiman (SJS), 26 saves from 30 shots - (0,867), L, 19-19-3, 60:00 minutes
Marc-André Fleury (Tor), 29 saves from 31 shots - (0,935), W, 28-16-5, 60:00 minutes

Players Stats for Sharks

Player Name              G  A  P  +/- PIM S  H  SB GA TA FO     MP     PP MP  PK MP  
------------------------------------------------------------------------------------
Adam Mair                0  0  0   0  0   0  0  0  0  0  2/2     7:41   0:03   1:37 
Alex Pietrangelo         0  0  0  -1  0   4  0  1  1  1  0/0    22:02   2:29   1:38 
Antoine Vermette         1  0  1   0  0   5  4  0  1  0  5/9    19:40   2:04   6:37 
Boris Valabik            0  0  0   0  0   0  0  0  0  0  0/0     5:40   0:00   0:00 
Brandon Yip              0  0  0   0  0   0  2  0  0  0  0/0    12:48   0:03   0:00 
Daniel Alfredsson        0  0  0  -2  2   4  1  1  1  0  0/0    19:31   2:23   1:31 
Dany Heatley             0  0  0  -2  0   1  0  4  1  1  0/0    20:05   2:23   1:37 
David Hale               0  0  0  -1  0   2  1  1  0  0  0/0    15:11   0:00   4:47 
David Legwand            0  0  0  -3  6   4  1  0  0  1  16/32  21:45   2:32   4:00 
Johnny Boychuk           0  0  0   0  0   1  0  0  0  0  0/0    20:25   2:32   5:49 
Kyle Wellwood            0  0  0   0  0   1  0  1  0  0  2/3    14:09   0:00   2:54 
Lasse Kukkonen           0  1  1  -2  4   1  1  2  0  1  0/0    23:45   2:07   4:11 
Markus Naslund           0  2  2   1  0   0  4  0  0  0  1/5    16:05   2:13   2:56 
Martin Samuelsson        0  0  0   0  0   1  1  0  0  0  0/0     5:50   0:03   0:00 
Michal Rozsival          0  0  0   0  0   2  1  0  0  0  0/0    18:36   2:10   0:00 
Shaone Morrisonn         0  0  0  -1  0   0  0  4  0  0  0/0    14:37   0:00   4:47 
Ted Purcell              1  0  1   1  0   4  3  0  0  0  0/2    17:30   2:04   0:00 
Tuomo Ruutu              0  0  0   0  0   1  0  0  0  0  0/1    12:40   0:09   0:00 

Players Stats for Maple Leafs

Player Name              G  A  P  +/- PIM S  H  SB GA TA FO     MP     PP MP  PK MP  
------------------------------------------------------------------------------------
Alexander Frolov         0  1  1   1  0   0  2  0  1  0  1/1    18:14   5:13   1:54 
Blake Comeau             0  0  0  -1  0   0  0  0  0  0  1/1     8:23   0:00   1:17 
Braydon Coburn           0  0  0   2  0   1  1  2  0  0  0/0    25:09   3:32   2:53 
Brendan Morrison         0  3  3   2  2   3  3  0  0  0  9/15   17:43   5:20   0:10 
Byron Bitz               2  1  3   2  2   2  2  0  1  0  0/0    17:25   5:20   0:25 
Claude Giroux            0  1  1   1  0   5  2  1  1  1  3/3    21:55   5:13   2:20 
Colby Armstrong          0  0  0   0  0   1  1  0  0  1  1/1    12:02   0:06   0:00 
Dion Phaneuf             0  1  1   3  0   0  3  0  0  1  0/0    28:23   7:04   2:48 
Evgeni Malkin            1  0  1   1  0   5  2  0  0  1  11/23  22:57   5:13   2:26 
Fabian Brunnstrom        0  1  1   2  2   2  2  0  1  0  0/1    18:09   5:19   0:17 
Jamie McBain             0  0  0  -2  0   0  0  0  0  0  0/0    15:42   3:32   0:00 
Jordan Staal             0  0  0   0  0   4  1  0  0  0  1/3    12:16   0:00   0:29 
Justin Abdelkader        0  0  0  -1  0   0  0  0  0  0  0/0     6:47   0:00   0:00 
Lubomir Visnovsky        0  0  0   1  0   0  0  3  0  0  0/0    13:32   0:00   0:05 
Matt Pettinger           0  0  0   0  0   2  2  0  0  0  0/0    11:22   0:03   0:00 
Rob Schremp              0  0  0  -1  0   1  2  0  0  0  1/6     6:47   0:00   0:00 
Taylor Chorney           0  0  0  -2  0   1  0  1  0  0  0/0    13:19   0:00   1:46 
Tobias Enstrom           1  0  1   2  0   3  2  2  0  0  0/0    23:55   7:04   1:46 

3 Stars

1 - Byron Bitz (Tor)
2 - Brendan Morrison (Tor)
3 - Tobias Enstrom (Tor)

Power Play

Sharks - 0 on 3 Attempt(s) - 0,00%
Maple Leafs - 0 on 6 Attempt(s) - 0,00%

Penalty Kill

Sharks - 6 on 6 Attempt(s) - 100,00% - Score 0 goal in Penalty Kill
Maple Leafs - 3 on 3 Attempt(s) - 100,00% - Score 0 goal in Penalty Kill

Team Stat

Sharks - Hits : 19 - Faceoff Wins : 26 - Blocked Shots : 14 - Penalty Minutes : 12
Maple Leafs - Hits : 25 - Faceoff Wins : 28 - Blocked Shots : 9 - Penalty Minutes : 6

Official

Referees : Dwyer Gord and Peel Tim
Linesman : Pierre Champoux and Lonnie Cameron

Game Notes

No Game Note

Finance

Level 1 -- Attendance: 4106 (68,43%) -- Ticket Income 410 600 $
Level 2 -- Attendance: 3257 (65,14%) -- Ticket Income 211 705 $
Level 3 -- Attendance: 1222 (61,10%) -- Ticket Income 51 324 $
Level 4 -- Attendance: 2494 (62,35%) -- Ticket Income 74 820 $
Luxury Box -- Attendance: 797 (79,70%) -- Ticket Income 147 445 $
Game was played at the Maple Leafs Garden'
Total Attendance: 11876 (65,98%)
Total Ticket Income: 895 894 $
Other Income: 134 384 $
Total Income: 1 030 278 $

Sharks

5 vs 5 Forward 
   Center                   Left Wing                Right Wing               Time % Phy DF OF 
 1 David Legwand            Dany Heatley             Daniel Alfredsson        40     1   2  2  
 2 Antoine Vermette         Markus Naslund           Ted Purcell              30     1   2  2  
 3 Kyle Wellwood            Tuomo Ruutu              Brandon Yip              20     1   2  2  
 4 Adam Mair                Martin Samuelsson        Ted Purcell              10     1   2  2  

5 vs 5 Defense 
   Defense                  Defense                                           Time % Phy DF OF 
 1 Lasse Kukkonen           Alex Pietrangelo                                  40     1   2  2  
 2 Michal Rozsival          Johnny Boychuk                                    30     1   2  2  
 3 Shaone Morrisonn         David Hale                                        20     1   2  2  
 4 Michal Rozsival          Boris Valabik                                     10     1   2  2  

PowerPlay Forward 
   Center                   Left Wing                Right Wing               Time % Phy DF OF 
 1 David Legwand            Dany Heatley             Daniel Alfredsson        60     0   2  3  
 2 Antoine Vermette         Markus Naslund           Ted Purcell              40     0   2  3  

PowerPlay Defense
   Defense                  Defense                                           Time % Phy DF OF 
 1 Lasse Kukkonen           Alex Pietrangelo                                  60     0   2  3  
 2 Michal Rozsival          Johnny Boychuk                                    40     0   2  3  

Penalty Kill 4 Players Forward 
   Center                   Wing                     Time % Phy DF OF 
 1 David Legwand            Antoine Vermette         60     1   4  0  
 2 Kyle Wellwood            Daniel Alfredsson        40     1   4  0  

Penalty Kill 4 Players Defense
   Defense                  Defense                  Time % Phy DF OF 
 1 Lasse Kukkonen           Johnny Boychuk           60     1   4  0  
 2 David Hale               Shaone Morrisonn         40     1   4  0  

Penalty Kill - 3 Players Forward 
   Forward                                           Time % Phy DF OF 
 1 David Legwand                                     60     1   4  0  
 2 Antoine Vermette                                  40     1   4  0  

Penalty Kill - 3 Players Defense
   Defense                  Defense                  Time % Phy DF OF 
 1 Lasse Kukkonen           Johnny Boychuk           60     1   4  0  
 2 David Hale               Shaone Morrisonn         40     1   4  0  

4 vs 4 Forward 
   Center                   Wing                     Time % Phy DF OF 
 1 David Legwand            Antoine Vermette         60     1   2  2  
 2 Kyle Wellwood            Martin Samuelsson        40     1   2  2  

4 vs 4 Defense
   Defense                  Defense                  Time % Phy DF OF 
 1 Johnny Boychuk           Alex Pietrangelo         60     1   2  2  
 2 David Hale               Boris Valabik            40     1   2  2  

Last Minutes Offensive
   Center                   Left Wing                Right Wing               Defense                  Defense                  
   David Legwand            Dany Heatley             Daniel Alfredsson        Lasse Kukkonen           Alex Pietrangelo         

Last Minutes Defensive
   Center                   Left Wing                Right Wing               Defense                  Defense                  
   David Legwand            Markus Naslund           Daniel Alfredsson        Michal Rozsival          Lasse Kukkonen           

Goaltenders
Starting : Tyler Weiman             
Backup : Mike Brodeur             

Extra Forwards
Normal : Ted Purcell, Tuomo Ruutu, Antoine Vermette - PP : Ted Purcell, Dany Heatley - PK : Markus Naslund
Extra Defensemen
Normal : Johnny Boychuk, Alex Pietrangelo, Boris Valabik - PP : David Hale - PK : Alex Pietrangelo, Michal Rozsival
Penalty Shots
Dany Heatley, Ted Purcell, Tuomo Ruutu, Markus Naslund, Daniel Alfredsson

Maple Leafs

5 vs 5 Forward 
   Center                   Left Wing                Right Wing               Time % Phy DF OF 
 1 Evgeni Malkin            Fabian Brunnstrom        Claude Giroux            40     0   1  4  
 2 Brendan Morrison         Alexander Frolov         Byron Bitz               30     1   2  2  
 3 Jordan Staal             Matt Pettinger           Colby Armstrong          20     1   2  2  
 4 Rob Schremp              Justin Abdelkader        Blake Comeau             10     1   2  2  

5 vs 5 Defense 
   Defense                  Defense                                           Time % Phy DF OF 
 1 Dion Phaneuf             Braydon Coburn                                    40     1   2  2  
 2 Tobias Enstrom           Lubomir Visnovsky                                 30     1   2  2  
 3 Taylor Chorney           Jamie McBain                                      20     1   2  2  
 4 Dion Phaneuf             Braydon Coburn                                    10     1   2  2  

PowerPlay Forward 
   Center                   Left Wing                Right Wing               Time % Phy DF OF 
 1 Evgeni Malkin            Alexander Frolov         Claude Giroux            60     1   2  2  
 2 Brendan Morrison         Fabian Brunnstrom        Byron Bitz               40     1   2  2  

PowerPlay Defense
   Defense                  Defense                                           Time % Phy DF OF 
 1 Dion Phaneuf             Tobias Enstrom                                    60     1   2  2  
 2 Braydon Coburn           Jamie McBain                                      40     1   2  2  

Penalty Kill 4 Players Forward 
   Center                   Wing                     Time % Phy DF OF 
 1 Claude Giroux            Evgeni Malkin            60     1   2  2  
 2 Alexander Frolov         Byron Bitz               40     1   2  2  

Penalty Kill 4 Players Defense
   Defense                  Defense                  Time % Phy DF OF 
 1 Dion Phaneuf             Braydon Coburn           60     1   2  2  
 2 Tobias Enstrom           Taylor Chorney           40     1   2  2  

Penalty Kill - 3 Players Forward 
   Forward                                           Time % Phy DF OF 
 1 Evgeni Malkin                                     60     1   2  2  
 2 Brendan Morrison                                  40     1   2  2  

Penalty Kill - 3 Players Defense
   Defense                  Defense                  Time % Phy DF OF 
 1 Dion Phaneuf             Braydon Coburn           60     1   2  2  
 2 Tobias Enstrom           Taylor Chorney           40     1   2  2  

4 vs 4 Forward 
   Center                   Wing                     Time % Phy DF OF 
 1 Claude Giroux            Evgeni Malkin            60     1   2  2  
 2 Brendan Morrison         Byron Bitz               40     1   2  2  

4 vs 4 Defense
   Defense                  Defense                  Time % Phy DF OF 
 1 Dion Phaneuf             Tobias Enstrom           60     1   2  2  
 2 Braydon Coburn           Lubomir Visnovsky        40     1   2  2  

Last Minutes Offensive
   Center                   Left Wing                Right Wing               Defense                  Defense                  
   Evgeni Malkin            Alexander Frolov         Claude Giroux            Dion Phaneuf             Tobias Enstrom           

Last Minutes Defensive
   Center                   Left Wing                Right Wing               Defense                  Defense                  
   Evgeni Malkin            Alexander Frolov         Claude Giroux            Dion Phaneuf             Braydon Coburn           

Goaltenders
Starting : Marc-André Fleury        
Backup : Niklas Backstrom         

Extra Forwards
Normal : Colby Armstrong, Matt Pettinger, Blake Comeau - PP : Colby Armstrong, Matt Pettinger - PK : Blake Comeau
Extra Defensemen
Normal : Taylor Chorney, Tobias Enstrom, Jamie McBain - PP : Taylor Chorney - PK : Jamie McBain, Braydon Coburn
Penalty Shots
Claude Giroux, Evgeni Malkin, Alexander Frolov, Byron Bitz, Fabian Brunnstrom

% Time on Ice - Sharks

Lines # - Real PCT - Wanted PCT - Time Play
Normal Forward
1 - 39% - 40% - 17:06
2 - 26% - 30% - 11:09
3 - 25% - 20% - 11:01
4 - 10% - 10% - 4:11
Normal Defense
1 - 40% - 40% - 17:11
2 - 28% - 30% - 12:04
3 - 21% - 20% - 9:06
4 - 12% - 10% - 5:06
PP Forward
1 - 56% - 60% - 2:35
2 - 44% - 40% - 2:04
PP Defense
1 - 53% - 60% - 2:29
2 - 47% - 40% - 2:10
PK Forward
1 - 77% - 60% - 8:09
2 - 23% - 40% - 2:27
PK Defense
1 - 55% - 60% - 5:49
2 - 45% - 40% - 4:47
PK3 Forward
1 - 0% - 60%
2 - 0% - 40%
PK3 Defense
1 - 0% - 60%
2 - 0% - 40%
44 Forward
1 - 100% - 60% - 1:18
2 - 0% - 40% - 0:00
44 Defense
1 - 56% - 60% - 0:44
2 - 44% - 40% - 0:34
Last Minute Offensive  - 0:00
Last Minute Defensive  - 0:00
Total
Forward - 60:00
Defense - 60:00

% Time on Ice - Maple Leafs

Lines # - Real PCT - Wanted PCT - Time Play
Normal Forward
1 - 34% - 40% - 14:50
2 - 25% - 30% - 10:59
3 - 25% - 20% - 10:51
4 - 16% - 10% - 6:47
Normal Defense
1 - 39% - 40% - 16:48
2 - 35% - 30% - 15:01
3 - 25% - 20% - 10:56
4 - 2% - 10% - 0:42
PP Forward
1 - 50% - 60% - 5:16
2 - 50% - 40% - 5:20
PP Defense
1 - 67% - 60% - 7:04
2 - 33% - 40% - 3:32
PK Forward
1 - 75% - 60% - 3:28
2 - 25% - 40% - 1:11
PK Defense
1 - 60% - 60% - 2:48
2 - 40% - 40% - 1:51
PK3 Forward
1 - 0% - 60%
2 - 0% - 40%
PK3 Defense
1 - 0% - 60%
2 - 0% - 40%
44 Forward
1 - 76% - 60% - 0:59
2 - 24% - 40% - 0:19
44 Defense
1 - 78% - 60% - 1:01
2 - 22% - 40% - 0:17
Last Minute Offensive  - 0:00
Last Minute Defensive  - 0:00
Total
Forward - 60:00
Defense - 60:00

Play by Play

1st period


0:01 of 1st period - David Legwand wins face-off versus Evgeni Malkin in neutral zone.
0:26 of 1st period - Alex Pietrangelo is hit by Byron Bitz and loses puck.
0:55 of 1st period - Slapshot by Jordan Staal.
0:55 of 1st period - Shot Misses the Net.
2:04 of 1st period - Minor Penalty to Byron Bitz for Interference.
2:05 of 1st period - Claude Giroux wins face-off versus David Legwand in Maple Leafs zone.
3:52 of 1st period - Icing by Michal Rozsival.
3:53 of 1st period - Antoine Vermette wins face-off versus Brendan Morrison in Sharks zone.
4:04 of 1st period - Penalty to Byron Bitz is over, Byron Bitz is back on ice.
4:36 of 1st period - Wrist shot by Jordan Staal.
4:36 of 1st period - Shot Misses the Net.
4:38 of 1st period - Snap shot by Jordan Staal.
4:38 of 1st period - Stopped by Tyler Weiman with a rebound.
4:40 of 1st period - Slapshot by Tobias Enstrom.
4:40 of 1st period - Deflect By Jordan Staal.
4:40 of 1st period - Shot Blocked by Lasse Kukkonen.
4:40 of 1st period - Puck is out of play.
4:41 of 1st period - Brendan Morrison wins face-off versus David Legwand in Sharks zone.
5:16 of 1st period - Jordan Staal is hit by Lasse Kukkonen and loses puck.
5:56 of 1st period - Wrist shot by Evgeni Malkin.
5:56 of 1st period - Stopped by Tyler Weiman with a rebound.
6:18 of 1st period - Snap shot by Rob Schremp.
6:18 of 1st period - Stopped by Tyler Weiman with a rebound.
6:36 of 1st period - Slapshot by Brendan Morrison.
6:36 of 1st period - Shot Misses the Net.
6:38 of 1st period - Snap shot by Byron Bitz.
6:38 of 1st period - Goal by Byron Bitz - Sharks : 0 - Maple Leafs : 1.
6:39 of 1st period - David Legwand wins face-off versus Evgeni Malkin in neutral zone.
7:05 of 1st period - Lasse Kukkonen is hit by Brendan Morrison.
7:11 of 1st period - Lasse Kukkonen is hit by Dion Phaneuf and loses puck.
7:24 of 1st period - Boris Valabik is hit by Colby Armstrong and loses puck.
8:05 of 1st period - Snap shot by Kyle Wellwood.
8:05 of 1st period - Stopped by Marc-André Fleury without a rebound.
8:06 of 1st period - Evgeni Malkin wins face-off versus David Legwand in Maple Leafs zone.
8:13 of 1st period - Wrist shot by Evgeni Malkin.
8:13 of 1st period - Shot Misses the Net.
8:44 of 1st period - Snap shot by Ted Purcell.
8:44 of 1st period - Goal by Ted Purcell - Sharks : 1 - Maple Leafs : 1.
8:45 of 1st period - David Legwand wins face-off versus Evgeni Malkin in neutral zone.
9:26 of 1st period - Icing by Johnny Boychuk.
9:27 of 1st period - Antoine Vermette wins face-off versus Jordan Staal in Sharks zone.
9:45 of 1st period - Snap shot by Antoine Vermette.
9:45 of 1st period - Stopped by Marc-André Fleury without a rebound.
9:46 of 1st period - David Legwand wins face-off versus Evgeni Malkin in Maple Leafs zone.
9:47 of 1st period - Slapshot by Alex Pietrangelo.
9:47 of 1st period - Shot Misses the Net.
9:59 of 1st period - Slapshot by Claude Giroux.
9:59 of 1st period - Shot Blocked by Dany Heatley.
10:03 of 1st period - Snap shot by Claude Giroux.
10:03 of 1st period - Deflect By Daniel Alfredsson.
10:03 of 1st period - Stopped by Tyler Weiman without a rebound.
10:04 of 1st period - Brendan Morrison wins face-off versus Antoine Vermette in Sharks zone.
10:31 of 1st period - David Legwand is hit by Claude Giroux and loses puck.
11:38 of 1st period - Wrist shot by Jordan Staal.
11:38 of 1st period - Stopped by Tyler Weiman with a rebound.
11:40 of 1st period - Slapshot by Matt Pettinger.
11:40 of 1st period - Stopped by Tyler Weiman without a rebound.
11:41 of 1st period - Evgeni Malkin wins face-off versus David Legwand in Sharks zone.
11:58 of 1st period - Wrist shot by Evgeni Malkin.
11:58 of 1st period - Stopped by Tyler Weiman with a rebound.
12:04 of 1st period - Minor Penalty to David Legwand for Hooking.
12:05 of 1st period - Evgeni Malkin wins face-off versus Antoine Vermette in Sharks zone.
12:45 of 1st period - Minor Penalty to Fabian Brunnstrom for Holding Stick.
12:46 of 1st period - Claude Giroux wins face-off versus Ted Purcell in Maple Leafs zone.
12:59 of 1st period - Snap shot by Claude Giroux.
12:59 of 1st period - Stopped by Tyler Weiman with a rebound.
13:01 of 1st period - Slapshot by Dion Phaneuf.
13:01 of 1st period - Shot Misses the Net.
13:03 of 1st period - Slapshot by Tobias Enstrom.
13:03 of 1st period - Deflect By Alex Pietrangelo.
13:03 of 1st period - Stopped by Tyler Weiman with a rebound.
13:20 of 1st period - Evgeni Malkin is hit by Antoine Vermette and loses puck.
13:37 of 1st period - Snap shot by Brendan Morrison.
13:37 of 1st period - Shot Blocked by David Hale.
13:39 of 1st period - Slapshot by Tobias Enstrom.
13:39 of 1st period - Stopped by Tyler Weiman with a rebound.
13:41 of 1st period - Slapshot by Dion Phaneuf.
13:41 of 1st period - Shot Misses the Net.
14:04 of 1st period - Penalty to David Legwand is over, David Legwand is back on ice.
14:08 of 1st period - Icing by Tuomo Ruutu.
14:09 of 1st period - Blake Comeau wins face-off versus Tuomo Ruutu in Sharks zone.
14:20 of 1st period - Slapshot by Alex Pietrangelo.
14:20 of 1st period - Shot Misses the Net.
14:22 of 1st period - Slapshot by Daniel Alfredsson.
14:22 of 1st period - Shot Blocked by Braydon Coburn.
14:45 of 1st period - Penalty to Fabian Brunnstrom is over, Fabian Brunnstrom is back on ice.
16:12 of 1st period - Slapshot by Rob Schremp.
16:12 of 1st period - Shot Hit the Post.
16:36 of 1st period - Slapshot by Matt Pettinger.
16:36 of 1st period - Shot Misses the Net.
16:55 of 1st period - Icing by Taylor Chorney.
16:56 of 1st period - Adam Mair wins face-off versus Brendan Morrison in Maple Leafs zone.
17:42 of 1st period - Wrist shot by Matt Pettinger.
17:42 of 1st period - Stopped by Tyler Weiman without a rebound.
17:43 of 1st period - David Legwand wins face-off versus Evgeni Malkin in Sharks zone.
17:54 of 1st period - Wrist shot by David Legwand.
17:54 of 1st period - Shot Misses the Net.
17:56 of 1st period - Wrist shot by Daniel Alfredsson.
17:56 of 1st period - Shot Misses the Net.
17:58 of 1st period - Slapshot by David Legwand.
17:58 of 1st period - Shot Misses the Net.
19:09 of 1st period - Slapshot by Daniel Alfredsson.
19:09 of 1st period - Shot Misses the Net.
19:11 of 1st period - Slapshot by Dany Heatley.
19:11 of 1st period - Shot Blocked by Lubomir Visnovsky.
19:23 of 1st period - Tobias Enstrom is hit by Markus Naslund and loses puck.
19:42 of 1st period - Snap shot by Kyle Wellwood.
19:42 of 1st period - Shot Blocked by Tobias Enstrom.
19:44 of 1st period - Slapshot by Michal Rozsival.
19:44 of 1st period - Deflect By Alexander Frolov.
19:44 of 1st period - Stopped by Marc-André Fleury with a rebound.
19:46 of 1st period - Slapshot by Michal Rozsival.
19:46 of 1st period - Shot Misses the Net.
Goals for this period are 1 for Sharks vs 1 for Maple Leafs.
Shots for this period are 4 for Sharks vs 12 for Maple Leafs.

2nd period


0:01 of 2nd period - Evgeni Malkin wins face-off versus David Legwand in neutral zone.
0:05 of 2nd period - Minor Penalty to Lasse Kukkonen for Hooking.
0:06 of 2nd period - Evgeni Malkin wins face-off versus David Legwand in Sharks zone.
0:23 of 2nd period - Dion Phaneuf is hit by Antoine Vermette and loses puck.
1:07 of 2nd period - Icing by Evgeni Malkin.
1:08 of 2nd period - Brendan Morrison wins face-off versus David Legwand in Maple Leafs zone.
1:15 of 2nd period - Wrist shot by Fabian Brunnstrom.
1:15 of 2nd period - Shot Misses the Net.
1:17 of 2nd period - Wrist shot by Fabian Brunnstrom.
1:17 of 2nd period - Shot Misses the Net.
2:05 of 2nd period - Penalty to Lasse Kukkonen is over, Lasse Kukkonen is back on ice.
2:52 of 2nd period - Slapshot by Alex Pietrangelo.
2:52 of 2nd period - Stopped by Marc-André Fleury without a rebound.
2:53 of 2nd period - David Legwand wins face-off versus Rob Schremp in Maple Leafs zone.
2:54 of 2nd period - Wrist shot by Dany Heatley.
2:54 of 2nd period - Deflect By Daniel Alfredsson.
2:54 of 2nd period - Deflect By Blake Comeau.
2:54 of 2nd period - Shot Misses the Net.
2:54 of 2nd period - Puck is out of play.
2:55 of 2nd period - David Legwand wins face-off versus Rob Schremp in Maple Leafs zone.
2:58 of 2nd period - Snap shot by David Legwand.
2:58 of 2nd period - Stopped by Marc-André Fleury with a rebound.
3:04 of 2nd period - David Legwand is hit by Rob Schremp and loses puck.
3:44 of 2nd period - Michal Rozsival is hit by Byron Bitz and loses puck.
4:14 of 2nd period - Wrist shot by Jordan Staal.
4:14 of 2nd period - Stopped by Tyler Weiman with a rebound.
4:58 of 2nd period - Slapshot by Evgeni Malkin.
4:58 of 2nd period - Stopped by Tyler Weiman without a rebound.
4:59 of 2nd period - Brendan Morrison wins face-off versus David Legwand in Sharks zone.
5:02 of 2nd period - Snap shot by Brendan Morrison.
5:02 of 2nd period - Stopped by Tyler Weiman with a rebound.
5:04 of 2nd period - Snap shot by Byron Bitz.
5:04 of 2nd period - Shot Blocked by Alex Pietrangelo.
5:06 of 2nd period - Slapshot by Tobias Enstrom.
5:06 of 2nd period - Goal by Tobias Enstrom - Sharks : 1 - Maple Leafs : 2.
5:07 of 2nd period - Evgeni Malkin wins face-off versus David Legwand in neutral zone.
5:16 of 2nd period - Snap shot by David Legwand.
5:16 of 2nd period - Stopped by Marc-André Fleury with a rebound.
5:30 of 2nd period - Minor Penalty to David Legwand for Goalie Interference.
5:31 of 2nd period - Evgeni Malkin wins face-off versus Markus Naslund in Sharks zone.
5:34 of 2nd period - Wrist shot by Claude Giroux.
5:34 of 2nd period - Stopped by Tyler Weiman without a rebound.
5:35 of 2nd period - Evgeni Malkin wins face-off versus Markus Naslund in Sharks zone.
5:36 of 2nd period - Slapshot by Claude Giroux.
5:36 of 2nd period - Stopped by Tyler Weiman without a rebound.
5:37 of 2nd period - Evgeni Malkin wins face-off versus Markus Naslund in Sharks zone.
6:28 of 2nd period - Dany Heatley is hit by Alexander Frolov and loses puck.
7:30 of 2nd period - Penalty to David Legwand is over, David Legwand is back on ice.
7:33 of 2nd period - Wrist shot by David Legwand.
7:33 of 2nd period - Deflect By Daniel Alfredsson.
7:33 of 2nd period - Shot Blocked by Braydon Coburn.
7:33 of 2nd period - Puck is out of play.
7:34 of 2nd period - David Legwand wins face-off versus Rob Schremp in Maple Leafs zone.
7:53 of 2nd period - Tuomo Ruutu is hit by Matt Pettinger and loses puck.
8:42 of 2nd period - Minor Penalty to David Legwand for Hooking.
8:43 of 2nd period - Evgeni Malkin wins face-off versus Markus Naslund in Sharks zone.
9:30 of 2nd period - Snap shot by Lasse Kukkonen.
9:30 of 2nd period - Shot Blocked by Claude Giroux.
10:08 of 2nd period - David Hale is hit by Evgeni Malkin and loses puck.
10:25 of 2nd period - Tobias Enstrom is hit by Daniel Alfredsson.
10:42 of 2nd period - Penalty to David Legwand is over, David Legwand is back on ice.
11:01 of 2nd period - Wrist shot by Justin Abdelkader.
11:01 of 2nd period - Shot Blocked by Kyle Wellwood.
11:17 of 2nd period - Matt Pettinger is hit by Ted Purcell and loses puck.
11:54 of 2nd period - Jordan Staal is hit by Markus Naslund.
12:35 of 2nd period - Icing by Johnny Boychuk.
12:36 of 2nd period - Jordan Staal wins face-off versus David Legwand in Sharks zone.
12:41 of 2nd period - Snap shot by Jordan Staal.
12:41 of 2nd period - Shot Blocked by Dany Heatley.
13:01 of 2nd period - Alex Pietrangelo is hit by Fabian Brunnstrom.
13:36 of 2nd period - Snap shot by Alex Pietrangelo.
13:36 of 2nd period - Stopped by Marc-André Fleury with a rebound.
13:38 of 2nd period - Snap shot by Tuomo Ruutu.
13:38 of 2nd period - Stopped by Marc-André Fleury without a rebound.
13:39 of 2nd period - Brendan Morrison wins face-off versus David Legwand in Maple Leafs zone.
13:46 of 2nd period - Slapshot by Daniel Alfredsson.
13:46 of 2nd period - Shot Misses the Net.
13:48 of 2nd period - Slapshot by Michal Rozsival.
13:48 of 2nd period - Deflect By Dany Heatley.
13:48 of 2nd period - Stopped by Marc-André Fleury without a rebound.
13:49 of 2nd period - Brendan Morrison wins face-off versus David Legwand in Maple Leafs zone.
13:54 of 2nd period - Wrist shot by David Legwand.
13:54 of 2nd period - Stopped by Marc-André Fleury without a rebound.
13:55 of 2nd period - Antoine Vermette wins face-off versus Evgeni Malkin in Maple Leafs zone.
13:56 of 2nd period - Snap shot by Alex Pietrangelo.
13:56 of 2nd period - Stopped by Marc-André Fleury with a rebound.
13:58 of 2nd period - Snap shot by Markus Naslund.
13:58 of 2nd period - Deflect By Antoine Vermette.
13:58 of 2nd period - Stopped by Marc-André Fleury without a rebound.
13:59 of 2nd period - Antoine Vermette wins face-off versus Evgeni Malkin in Maple Leafs zone.
14:10 of 2nd period - Wrist shot by Ted Purcell.
14:10 of 2nd period - Stopped by Marc-André Fleury with a rebound.
14:12 of 2nd period - Slapshot by Ted Purcell.
14:12 of 2nd period - Shot Misses the Net.
14:14 of 2nd period - Wrist shot by Ted Purcell.
14:14 of 2nd period - Stopped by Marc-André Fleury without a rebound.
14:15 of 2nd period - David Legwand wins face-off versus Brendan Morrison in Maple Leafs zone.
14:36 of 2nd period - Minor Penalty to Daniel Alfredsson for Hooking.
14:37 of 2nd period - Alexander Frolov wins face-off versus David Legwand in Sharks zone.
15:04 of 2nd period - Markus Naslund is hit by Dion Phaneuf and loses puck.
15:17 of 2nd period - Lasse Kukkonen is hit by Fabian Brunnstrom and loses puck.
15:34 of 2nd period - Lasse Kukkonen is hit by Alexander Frolov and loses puck.
16:11 of 2nd period - Icing by Fabian Brunnstrom.
16:12 of 2nd period - Kyle Wellwood wins face-off versus Brendan Morrison in Maple Leafs zone.
16:35 of 2nd period - Claude Giroux is hit by David Hale and loses puck.
16:36 of 2nd period - Penalty to Daniel Alfredsson is over, Daniel Alfredsson is back on ice.
16:44 of 2nd period - Daniel Alfredsson is hit by Evgeni Malkin and loses puck.
17:06 of 2nd period - Slapshot by Martin Samuelsson.
17:06 of 2nd period - Stopped by Marc-André Fleury with a rebound.
17:18 of 2nd period - Slapshot by Daniel Alfredsson.
17:18 of 2nd period - Stopped by Marc-André Fleury without a rebound.
17:19 of 2nd period - David Legwand wins face-off versus Rob Schremp in Maple Leafs zone.
17:24 of 2nd period - Wrist shot by Alex Pietrangelo.
17:24 of 2nd period - Stopped by Marc-André Fleury with a rebound.
17:53 of 2nd period - Slapshot by Ted Purcell.
17:53 of 2nd period - Deflect By Antoine Vermette.
17:53 of 2nd period - Shot Misses the Net.
17:53 of 2nd period - Puck is out of play.
17:54 of 2nd period - David Legwand wins face-off versus Evgeni Malkin in Maple Leafs zone.
18:43 of 2nd period - Wrist shot by David Legwand.
18:43 of 2nd period - Shot Misses the Net.
18:45 of 2nd period - Slapshot by Johnny Boychuk.
18:45 of 2nd period - Stopped by Marc-André Fleury with a rebound.
18:47 of 2nd period - Snap shot by Daniel Alfredsson.
18:47 of 2nd period - Stopped by Marc-André Fleury without a rebound.
18:48 of 2nd period - Brendan Morrison wins face-off versus Ted Purcell in Maple Leafs zone.
19:03 of 2nd period - Wrist shot by Antoine Vermette.
19:03 of 2nd period - Stopped by Marc-André Fleury with a rebound.
19:13 of 2nd period - Brandon Yip is hit by Tobias Enstrom and loses puck.
19:20 of 2nd period - Wrist shot by Kyle Wellwood.
19:20 of 2nd period - Shot Blocked by Lubomir Visnovsky.
19:22 of 2nd period - Snap shot by Alex Pietrangelo.
19:22 of 2nd period - Shot Misses the Net.
19:44 of 2nd period - Wrist shot by Claude Giroux.
19:44 of 2nd period - Shot Misses the Net.
Goals for this period are 0 for Sharks vs 1 for Maple Leafs.
Shots for this period are 17 for Sharks vs 6 for Maple Leafs.

3rd period


0:01 of 3rd period - David Legwand wins face-off versus Evgeni Malkin in neutral zone.
0:49 of 3rd period - Slapshot by Alex Pietrangelo.
0:49 of 3rd period - Shot Misses the Net.
0:51 of 3rd period - Snap shot by Tuomo Ruutu.
0:51 of 3rd period - Shot Misses the Net.
0:53 of 3rd period - Slapshot by Brandon Yip.
0:53 of 3rd period - Shot Hit the Post.
0:55 of 3rd period - Slapshot by Lasse Kukkonen.
0:55 of 3rd period - Stopped by Marc-André Fleury with a rebound.
0:57 of 3rd period - Slapshot by Lasse Kukkonen.
0:57 of 3rd period - Deflect By Kyle Wellwood.
0:57 of 3rd period - Shot Blocked by Taylor Chorney.
0:57 of 3rd period - Puck is out of play.
0:58 of 3rd period - David Legwand wins face-off versus Evgeni Malkin in Maple Leafs zone.
1:03 of 3rd period - Wrist shot by Daniel Alfredsson.
1:03 of 3rd period - Stopped by Marc-André Fleury with a rebound.
1:05 of 3rd period - Slapshot by Michal Rozsival.
1:05 of 3rd period - Stopped by Marc-André Fleury with a rebound.
1:07 of 3rd period - Slapshot by Daniel Alfredsson.
1:07 of 3rd period - Shot Blocked by Lubomir Visnovsky.
1:09 of 3rd period - Slapshot by Johnny Boychuk.
1:09 of 3rd period - Shot Blocked by Tobias Enstrom.
1:30 of 3rd period - Brendan Morrison is hit by Antoine Vermette and loses puck.
2:50 of 3rd period - Slapshot by Alexander Frolov.
2:50 of 3rd period - Shot Misses the Net.
3:54 of 3rd period - Brandon Yip is hit by Dion Phaneuf and loses puck.
4:57 of 3rd period - Snap shot by David Legwand.
4:57 of 3rd period - Stopped by Marc-André Fleury with a rebound.
5:03 of 3rd period - Wrist shot by Fabian Brunnstrom.
5:03 of 3rd period - Shot Blocked by Dany Heatley.
5:05 of 3rd period - Snap shot by Fabian Brunnstrom.
5:05 of 3rd period - Deflect By Evgeni Malkin.
5:05 of 3rd period - Shot Blocked by Dany Heatley.
5:05 of 3rd period - Puck is out of play.
5:06 of 3rd period - Kyle Wellwood wins face-off versus Brendan Morrison in Sharks zone.
5:18 of 3rd period - Alexander Frolov is hit by Brandon Yip and loses puck.
5:31 of 3rd period - Michal Rozsival is hit by Claude Giroux and loses puck.
5:40 of 3rd period - Tobias Enstrom is hit by David Legwand and loses puck.
5:56 of 3rd period - Slapshot by Jordan Staal.
5:56 of 3rd period - Stopped by Tyler Weiman without a rebound.
5:57 of 3rd period - David Legwand wins face-off versus Brendan Morrison in Sharks zone.
6:22 of 3rd period - Fabian Brunnstrom is hit by Ted Purcell.
7:35 of 3rd period - Minor Penalty to Brendan Morrison for Hooking.
7:36 of 3rd period - Claude Giroux wins face-off versus David Legwand in Maple Leafs zone.
7:36 of 3rd period - Claude Giroux is hit by Michal Rozsival.
7:42 of 3rd period - Slapshot by Braydon Coburn.
7:42 of 3rd period - Stopped by Tyler Weiman with a rebound.
8:02 of 3rd period - Dion Phaneuf is hit by Markus Naslund and loses puck.
8:09 of 3rd period - Wrist shot by Antoine Vermette.
8:09 of 3rd period - Shot Misses the Net.
9:35 of 3rd period - Penalty to Brendan Morrison is over, Brendan Morrison is back on ice.
9:51 of 3rd period - Alex Pietrangelo is hit by Jordan Staal and loses puck.
10:10 of 3rd period - Martin Samuelsson is hit by Brendan Morrison and loses puck.
10:26 of 3rd period - Slapshot by Adam Mair.
10:26 of 3rd period - Shot Misses the Net.
10:28 of 3rd period - Snap shot by David Hale.
10:28 of 3rd period - Stopped by Marc-André Fleury with a rebound.
10:30 of 3rd period - Wrist shot by David Hale.
10:30 of 3rd period - Deflect By Evgeni Malkin.
10:30 of 3rd period - Stopped by Marc-André Fleury without a rebound.
10:31 of 3rd period - Markus Naslund wins face-off versus Rob Schremp in Maple Leafs zone.
10:32 of 3rd period - Wrist shot by Antoine Vermette.
10:32 of 3rd period - Goal by Antoine Vermette - Sharks : 2 - Maple Leafs : 2.
10:33 of 3rd period - Rob Schremp wins face-off versus Antoine Vermette in neutral zone.
10:48 of 3rd period - Slapshot by Lasse Kukkonen.
10:48 of 3rd period - Deflect By Ted Purcell.
10:48 of 3rd period - Stopped by Marc-André Fleury without a rebound.
10:49 of 3rd period - Brendan Morrison wins face-off versus David Legwand in Maple Leafs zone.
11:02 of 3rd period - Wrist shot by Brendan Morrison.
11:02 of 3rd period - Stopped by Tyler Weiman with a rebound.
11:04 of 3rd period - Wrist shot by Byron Bitz.
11:04 of 3rd period - Shot Hit the Post.
11:16 of 3rd period - Dion Phaneuf is hit by Antoine Vermette and loses puck.
11:21 of 3rd period - Snap shot by Antoine Vermette.
11:21 of 3rd period - Stopped by Marc-André Fleury without a rebound.
11:22 of 3rd period - Brendan Morrison wins face-off versus Antoine Vermette in Maple Leafs zone.
11:53 of 3rd period - Snap shot by Daniel Alfredsson.
11:53 of 3rd period - Stopped by Marc-André Fleury without a rebound.
11:54 of 3rd period - David Legwand wins face-off versus Fabian Brunnstrom in Maple Leafs zone.
12:15 of 3rd period - Snap shot by Evgeni Malkin.
12:15 of 3rd period - Goal by Evgeni Malkin - Sharks : 2 - Maple Leafs : 3.
12:16 of 3rd period - Antoine Vermette wins face-off versus Evgeni Malkin in neutral zone.
12:18 of 3rd period - Minor Penalty to Lasse Kukkonen for Hooking.
12:19 of 3rd period - Evgeni Malkin wins face-off versus David Legwand in Sharks zone.
12:29 of 3rd period - Snap shot by Claude Giroux.
12:29 of 3rd period - Stopped by Tyler Weiman without a rebound.
12:30 of 3rd period - David Legwand wins face-off versus Evgeni Malkin in Sharks zone.
12:30 of 3rd period - David Legwand is hit by Tobias Enstrom.
13:07 of 3rd period - Slapshot by Fabian Brunnstrom.
13:07 of 3rd period - Shot Blocked by Daniel Alfredsson.
13:19 of 3rd period - Shaone Morrisonn is hit by Brendan Morrison and loses puck.
13:38 of 3rd period - Wrist shot by Fabian Brunnstrom.
13:38 of 3rd period - Stopped by Tyler Weiman with a rebound.
13:40 of 3rd period - Slapshot by Tobias Enstrom.
13:40 of 3rd period - Shot Blocked by Shaone Morrisonn.
13:42 of 3rd period - Slapshot by Byron Bitz.
13:42 of 3rd period - Shot Blocked by Shaone Morrisonn.
13:44 of 3rd period - Slapshot by Tobias Enstrom.
13:44 of 3rd period - Shot Misses the Net.
13:46 of 3rd period - Wrist shot by Byron Bitz.
13:46 of 3rd period - Shot Misses the Net.
13:48 of 3rd period - Slapshot by Dion Phaneuf.
13:48 of 3rd period - Shot Misses the Net.
13:54 of 3rd period - Wrist shot by Brendan Morrison.
13:54 of 3rd period - Shot Misses the Net.
14:06 of 3rd period - Snap shot by Byron Bitz.
14:06 of 3rd period - Shot Blocked by Shaone Morrisonn.
14:18 of 3rd period - Penalty to Lasse Kukkonen is over, Lasse Kukkonen is back on ice.
14:22 of 3rd period - Wrist shot by Byron Bitz.
14:22 of 3rd period - Shot Blocked by Lasse Kukkonen.
14:24 of 3rd period - Snap shot by Fabian Brunnstrom.
14:24 of 3rd period - Stopped by Tyler Weiman with a rebound.
14:26 of 3rd period - Wrist shot by Byron Bitz.
14:26 of 3rd period - Shot Blocked by Shaone Morrisonn.
14:28 of 3rd period - Wrist shot by Brendan Morrison.
14:28 of 3rd period - Stopped by Tyler Weiman with a rebound.
14:34 of 3rd period - Snap shot by Byron Bitz.
14:34 of 3rd period - Goal by Byron Bitz - Sharks : 2 - Maple Leafs : 4.
14:35 of 3rd period - Adam Mair wins face-off versus Jordan Staal in neutral zone.
14:40 of 3rd period - Matt Pettinger is hit by Martin Samuelsson and loses puck.
14:49 of 3rd period - Snap shot by Jordan Staal.
14:49 of 3rd period - Shot Misses the Net.
14:51 of 3rd period - Snap shot by Jordan Staal.
14:51 of 3rd period - Shot Misses the Net.
15:01 of 3rd period - Taylor Chorney is hit by Brandon Yip and loses puck.
15:28 of 3rd period - Slapshot by Evgeni Malkin.
15:28 of 3rd period - Stopped by Tyler Weiman with a rebound.
15:30 of 3rd period - Slapshot by Taylor Chorney.
15:30 of 3rd period - Stopped by Tyler Weiman without a rebound.
15:31 of 3rd period - Colby Armstrong wins face-off versus Kyle Wellwood in Sharks zone.
16:27 of 3rd period - Fabian Brunnstrom is hit by Ted Purcell and loses puck.
17:18 of 3rd period - Adam Mair is hit by Rob Schremp and loses puck.
17:33 of 3rd period - Slapshot by Colby Armstrong.
17:33 of 3rd period - Stopped by Tyler Weiman with a rebound.
19:07 of 3rd period - Evgeni Malkin is hit by Markus Naslund and loses puck.
19:54 of 3rd period - Johnny Boychuk is hit by Braydon Coburn.
19:58 of 3rd period - Johnny Boychuk is hit by Matt Pettinger and loses puck.
Goals for this period are 1 for Sharks vs 2 for Maple Leafs.
Shots for this period are 10 for Sharks vs 12 for Maple Leafs.


Output by the SimonT Hockey Simulator (STHS) for François Prévost -- Original Page W3C XHTML 1.0 Valid
Hockey Simulator - Hockey Simulation - Hockey Manager